 Dungeon Crawl Stone Soup version 0.19-a0-1065-gdac414d (webtiles) character file.

13975 Ijustatesigmund the Basher (level 11, -2/92 HPs)
             Began as a Demonspawn Fighter on Aug 3, 2016.
             Slain by a spiny frog (16 damage)
             ... on level 1 of the Lair of Beasts.
             The game lasted 00:36:06 (11441 turns).

Ijustatesigmund the Basher (Demonspawn Fighter)    Turns: 11441, Time: 00:36:07

Health: -2/92      AC: 19    Str: 18    XL:     11   Next: 82%
Magic:  11/11      EV: 13    Int: 10    God:
Gold:   707        SH:  7    Dex: 15    Spells: 0 memorised, 10 levels left

rFire  + . .     SeeInvis .     B - +8 flail (protect)
rCold  + . .     Gourm    .     S - +0 chain mail {rF+}
rNeg   + . .     Faith    .     k - +2 buckler
rPois  .         Spirit   .     C - +1 helmet
rElec  .         Dismiss  .     (no cloak)
rCorr  .         Reflect  .     o - +1 pair of gloves
SustAt .         Harm     .     (no boots)
MR     .....                    g - amulet of regeneration
Stlth  ..........               y - +3 ring of strength
                                l - ring of positive energy

@: lethally poisoned (-2 -> -5), studying Fighting
A: claws 1, hooves 2, repulsion field 2, cold resistance 1, weak 1, evolution 1
a: no special abilities


You were on level 1 of the Lair of Beasts.
You were not hungry.

You visited 3 branches of the dungeon, and saw 15 of its levels.
You also visited: Ossuary and Bailey.

You collected 707 gold pieces.

Inventory:

Hand Weapons
 a - the +11 greatsling "Naemaam" {flame, MR+, unknown}
   (You found it in a bailey)

   It causes projectiles fired from it to burn those they strike, causing extra
   injury to most foes and up to half again as much damage against particularly
   susceptible opponents.
   It affects your resistance to hostile enchantments.
 s - the +8 Wrath of Trog {antimagic, *Rage}
   (You found it in a bailey)

   It reduces the magical energy of the wielder, and disrupts the spells and
   magical abilities of those hit.
   Natural abilities and divine invocations are not affected.
   It may make you go berserk in combat.
 u - a +2 flail of draining
 B - a +8 flail of protection (weapon)
Missiles
 x - 18 javelins (quivered)
Armour
 k - a +2 buckler (worn)
 o - a +1 pair of gloves (worn)
 C - a +1 helmet (worn)
 S - a +0 chain mail of fire resistance (worn)
Jewellery
 g - an amulet of regeneration (around neck)
 l - a ring of positive energy (left hand)
 v - an uncursed amulet of faith
 y - a +3 ring of strength (right hand)
 I - an uncursed amulet of guardian spirit
Wands
 A - a wand of iceblast (11/15)
 E - a wand of disintegration (15/24)
 G - a wand of digging (21/24)
 K - a wand of confusion (0/48)
 L - a wand of digging (10/24)
 O - a wand of digging (11/24)
Scrolls
 d - 3 scrolls of amnesia
 r - 2 scrolls of remove curse
 w - a scroll of teleportation
 F - a scroll of fear
 H - a scroll of blinking
Potions
 i - a potion of haste
 j - 5 potions of lignification
 m - a potion of brilliance
 n - a potion of mutation
 p - 2 potions of flight
 q - 2 potions of curing
 t - a potion of magic
 z - a potion of cure mutation
 M - a potion of agility
 N - a potion of cancellation
Books
 c - a manual of Fighting
 e - a book of the Earth

   Spells                             Type                      Level
   a - Leda's Liquefaction            Hexes/Earth                  4
   b - Bolt of Magma                  Conjuration/Fire/Earth       5
   c - Statue Form                    Transmutation/Earth          6
   d - Iron Shot                      Conjuration/Earth            6
   e - Shatter                        Earth                        9
 D - a book of Geomancy

   Spells                             Type                      Level
   a - Sandblast                      Earth                        1
   b - Passwall                       Transmutation/Earth          2
   c - Stone Arrow                    Conjuration/Earth            3
   d - Petrify                        Transmutation/Earth          4
   e - Lee's Rapid Deconstruction     Earth                        5
Comestibles
 b - a beef jerky
 f - 7 bread rations
 h - 4 meat rations
 Q - 7 slices of pizza


   Skills:
 + Level 10.5 Fighting
 * Level 12.6 Maces & Flails
 + Level 2.7 Throwing
 - Level 5.1 Armour
 - Level 5.6 Dodging
 - Level 4.1 Shields


You had 10 spell levels left.
You didn't know any spells.

Dungeon Overview and Level Annotations

Branches:
Dungeon (12/15)            Temple (1/1) D:7            Lair (2/6) D:9
    Orc (0/2) D:9
  Swamp: Lair:2-4    Shoals: Lair:2-4     Snake: Lair:2-4    Spider: Lair:2-4

Altars:
Ashenzari
Cheibriados
Dithmenos
Elyvilon
Fedhas
Gozag
Hepliaklqana
Kikubaaqudgha
Makhleb
Nemelex Xobeh
Okawaru
Pakellas
Qazlal
Ru
Sif Muna
Trog
Uskayaw
Vehumet
Xom
Yredelemnul
Zin
The Shining One

Annotations:
D:5 exclusion: oklob plant


Innate Abilities, Weirdness & Mutations

You have hoof-like feet.
You are surrounded by a moderate repulsion field. (EV +3)
Your flesh is cold resistant. (rC+)
You have sharp fingernails.
You are weak. (Str -2)
You evolve.


Message History

You kick the spiny frog, but do no damage.
The spiny frog is lightly wounded.
The spiny frog closely misses you.
You sock the spiny frog!
The spiny frog is heavily wounded.
You thump the spiny frog!
You kick the spiny frog, but do no damage.
The spiny frog is severely wounded.
The spiny frog stings you!
* * * LOW HITPOINT WARNING * * *
You hit the spiny frog.
The spiny frog is almost dead.
The spiny frog stings you!
* * * LOW HITPOINT WARNING * * *
You are poisoned.
The spiny frog poisons you!
You hit the spiny frog. You kick the spiny frog.
The spiny frog is almost dead.
You feel sick. The spiny frog stings you!
You die...

#....... .......
#....... .......
#....... .......
#....... .......
#....... ....... ###
#....... .......
##.###.......
.≈≈≈≈≈†#####............
#≈†@................
#≈≈F†................
##≈.####..#.#........
≈≈≈≈. #######.......
...... #....... ......#
##...... ...... .#####
...... #. ≈≈≈


You could see a spiny frog.

Vanquished Creatures
  An unseen horror (D:11)
  A hill giant (D:11)
  An orc knight (Bailey)
  2 deep elf magi
  A manticore (D:11)
  A black mamba (Lair:1)
  A spiny frog (Lair:1)
  A komodo dragon (Lair:1)
  2 trolls
  3 two-headed ogres
  A shadow (D:12)
  12 yaks
  A wraith (D:12)
  A human (D:10)
  3 hippogriffs
  A hungry ghost (D:11)
  A vampire mosquito (D:12)
  Edmund (D:6)
  3 wargs
  A water moccasin (Lair:1)
  A soldier ant (D:11)
  A porcupine (D:9)
  4 ice beasts
  19 orc warriors
  6 wolves (Lair:1)
  6 ogres
  A centaur (D:9)
  A big kobold (D:7)
  The ghost of Xiguana the Conjurer, an amateur TeCj (D:4)
  5 giant frogs
  A wyvern skeleton (D:9)
  6 scorpions
  3 wights (D:7)
  A centaur zombie (D:6)
  3 crimson imps
  8 hounds
  A human zombie (Ossuary)
  3 jellies
  9 orc priests
  A gnoll shaman (D:4)
  9 orc wizards
  5 iguanas
  8 worker ants
  4 sheep (D:10)
  A big kobold zombie (Ossuary)
  A hound zombie (D:11)
  4 hound skeletons
  3 mummies
  5 gnolls (D:4)
  13 adders
  A shadow imp (D:7)
  2 oozes
  3 adder zombies
  2 adder skeletons
  4 worms (D:2)
  A dart slug (D:2)
  A giant gecko (D:4)
  69 orcs
  5 giant cockroaches
  8 goblins
  8 hobgoblins
  7 jackals
  10 kobolds
  10 quokkas
  2 ball pythons
  7 bats
  A giant gecko zombie (D:5)
  2 giant newts (D:1)
  2 goblin zombies (Ossuary)
  12 hobgoblin zombies
  A jackal skeleton (D:4)
  4 jackal zombies (Ossuary)
  9 kobold zombies (Ossuary)
  7 orc zombies
  7 rats
  A rat zombie (Ossuary)
359 creatures vanquished.

Vanquished Creatures (others)
  2 orcs
  A bat (D:2)
  A goblin (D:2)
  A kobold (D:2)
  A quokka (D:2)
6 creatures vanquished.

Grand Total: 365 creatures vanquished

Notes
Turn   | Place    | Note
-------+----------+-------------------------------------------
     0 | D:1      | Ijustatesigmund the Demonspawn Fighter began the quest for the Orb.
     0 | D:1      | Reached XP level 1. HP: 18/18 MP: 1/1
    66 | D:1      | Reached skill level 2 in Maces & Flails
    86 | D:1      | Gained mutation: You have large cloven feet. [demonic ancestry]
    86 | D:1      | Reached XP level 2. HP: 14/24 MP: 2/2
   199 | D:1      | Reached skill level 1 in Dodging
   951 | D:2      | Gained mutation: You are surrounded by a mild repulsion field. (EV +2) [demonic ancestry]
   951 | D:2      | Reached XP level 3. HP: 23/29 MP: 3/3
  1084 | D:2      | You fall through a shaft!
  1146 | D:2      | Found a white marble altar of Elyvilon.
  1174 | D:2      | Found a glowing silver altar of Zin.
  1240 | D:2      | Reached skill level 3 in Maces & Flails
  1263 | D:2      | Reached XP level 4. HP: 35/35 MP: 4/4
  1344 | D:2      | Found a shattered altar of Ashenzari.
  1766 | D:3      | Noticed an ice beast
  1786 | D:3      | Killed an ice beast
  1786 | D:3      | Gained mutation: You are surrounded by a moderate repulsion field. (EV +3) [demonic ancestry]
  1786 | D:3      | Reached XP level 5. HP: 32/42 MP: 5/5
  1887 | D:3      | Found a snail-covered altar of Cheibriados.
  2346 | D:4      | Reached skill level 4 in Maces & Flails
  2377 | D:4      | Gained mutation: You have hoof-like feet. [demonic ancestry]
  2377 | D:4      | Reached XP level 6. HP: 29/48 MP: 6/6
  2539 | D:4      | Found a radiant altar of Vehumet.
  2601 | D:4      | Found a sand-covered staircase.
  2613 | Ossuary  | Entered an ossuary
  2757 | Ossuary  | Reached skill level 5 in Maces & Flails
  2891 | D:4      | Noticed Xiguana's ghost (amateur TeCj)
  2951 | D:5      | Entered Level 5 of the Dungeon
  2954 | D:5      | Reached XP level 7. HP: 55/55 MP: 7/7
  3192 | D:5      | Found a blossoming altar of Fedhas.
  3213 | D:5      | Noticed an oklob plant
  3312 | D:5      | Found a bloodstained altar of Trog.
  3379 | D:5      | Reached skill level 5 in Fighting
  3552 | D:5      | Found a shimmering altar of Xom.
  3752 | D:5      | Reached skill level 6 in Maces & Flails
  3960 | D:6      | Reached XP level 8. HP: 62/63 MP: 8/8
  4202 | D:6      | Noticed Edmund
  4222 | D:6      | Killed Edmund
  4222 | D:6      | Reached skill level 7 in Maces & Flails
  4460 | D:6      | Found a sacrificial altar of Ru.
  4773 | D:7      | Found a staircase to the Ecumenical Temple.
  4783 | Temple   | Entered the Ecumenical Temple
  4987 | D:7      | You fall through a shaft!
  5344 | Temple   | Reached skill level 8 in Maces & Flails
  5435 | D:7      | Gained mutation: Your flesh is cold resistant. (rC+) [demonic ancestry]
  5435 | D:7      | Reached XP level 9. HP: 34/71 MP: 9/9
  6105 | D:8      | Found a glowing golden altar of the Shining One.
  6323 | D:8      | Found a stormy altar of Qazlal.
  6469 | D:8      | Reached skill level 9 in Maces & Flails
  6700 | D:9      | Found a staircase to the Lair.
  6739 | D:9      | Found a staircase to the Orcish Mines.
  6819 | D:9      | Reached skill level 5 in Armour
  6854 | D:9      | Found a blossoming altar of Fedhas.
  6999 | D:9      | Found a hazy altar of Hepliaklqana.
  7090 | D:9      | Reached XP level 10. HP: 67/80 MP: 10/10
  7127 | D:9      | Reached skill level 10 in Maces & Flails
  7322 | D:10     | Entered Level 10 of the Dungeon
  7358 | D:10     | Gained mutation: You have sharp fingernails. [potion of mutation]
  7358 | D:10     | Gained mutation: You evolve. [potion of mutation]
  7358 | D:10     | Gained mutation: You are weak. (Str -2) [potion of mutation]
  7651 | D:10     | Noticed a deep elf mage
  7666 | D:10     | Killed a deep elf mage
  8653 | D:4      | Killed Xiguana's ghost
  9033 | D:4      | Reached skill level 11 in Maces & Flails
  9267 | D:11     | Killed an unseen horror
  9434 | D:11     | Noticed a hill giant
  9442 | D:11     | Killed a hill giant
  9442 | D:11     | Reached XP level 11. HP: 66/89 MP: 11/11
  9536 | D:11     | Reached skill level 5 in Dodging
 10035 | D:12     | Found a flagged portal.
 10066 | Bailey   | Entered a bailey
 10611 | Bailey   | Got a steaming greatsling
 10612 | Bailey   | Noticed an orc knight
 10635 | Bailey   | Killed an orc knight
 10653 | Bailey   | Identified a scroll of acquirement
 10734 | D:12     | Noticed a deep elf mage
 10741 | D:12     | Killed a deep elf mage
 10741 | D:12     | Reached skill level 12 in Maces & Flails
 10773 | D:12     | Reached skill level 1 in Throwing
 10798 | D:12     | Noticed a hill giant
 10799 | D:12     | Noticed a purple ugly thing
 11037 | Lair:1   | Entered Level 1 of the Lair of Beasts
 11047 | D:9      | Reached skill level 10 in Fighting
 11441 | Lair:1   | Slain by a spiny frog

Vault maps used:
D:1:      lightli_arrival_lavapool
D:2:      elyvilon_altar_4, lemuel_doored_altar, nicolae_ashenzari_panopticon
D:3:      cheibriados_altar_1, first_bread
D:4:      vehumet_crystals, nicolae_ossuary_entry_giza, minmay_misc_feat_plants,
          grunt_ministairs_13
D:5:      lemuel_crystal_altar, kennysheep_mini, tgw_fedhas
D:6:      kennysheep_mini_moat, kennysheep_another_room, dk_noncrumbling_3,
          kennysheep_nondescript, serial_park_tiny_1, uniq_edmund
D:8:      nicolae_qazlal_eye_of_the_storm, tso_oasis_becter
D:9:      overflow_temple_1_default, lemuel_coloured_pillars_altar,
          erik_lair_orcish_takeover, orc_0_dummy, special_room
D:10:     grunt_livestock
D:12:     lemuel_traditional_vault, enter_bailey_3, hangedman_corner_corridor
Temple:   compressed_dpeg_circular_temple
Lair:1:   lab_entry_generic, uniq_fannar
Lair:2:   columned_hall_lemuel, minivault_27, grunt_megastairs_1, uniq_nergalle
Ossuary:  ossuary_tomb_1
Bailey:   bailey_polearm_2, bailey

Skill      XL: |  1  2  3  4  5  6  7  8  9 10 11 |
---------------+----------------------------------+-----
Maces & Flails | 2 3 4 5 6 8 9 11 12 | 12.6
Dodging        | 1 2 4 5 |  5.6
Fighting       | 4 5 6 7 9 10 | 10.5
Shields        | 3 4 |  4.1
Armour         | 3 5 |  5.1
Throwing       | 2 |  2.7

Action                   |  1- 3 |  4- 6 |  7- 9 | 10-12 || total
-------------------------+-------+-------+-------+-------++-------
Melee: Flail             |   154 |   247 |   391 |   557 ||  1349
       Kick              |    34 |    66 |   114 |   172 ||   386
Throw: Javelin           |       |       |       |     6 ||     6
 Abil: Evoke Flight      |       |     1 |       |       ||     1
Evoke: Wand              |       |       |       |     7 ||     7
  Use: Scroll            |     5 |     5 |     8 |    10 ||    28
       Potion            |       |     2 |     1 |     8 ||    11
 Stab: Confused          |       |       |       |     1 ||     1
       Invisible         |       |       |       |     6 ||     6
  Eat: Chunk             |     1 |     4 |     7 |     6 ||    18
       Bread ration      |       |     1 |       |       ||     1
       Meat ration       |       |       |     1 |       ||     1
       Beef jerky        |       |       |       |     3 ||     3
       Royal jelly       |       |       |       |     1 ||     1
       Pizza             |       |       |       |     1 ||     1
       Fruit             |       |       |       |     4 ||     4
Armor: Scale mail        |    75 |    65 |       |       ||   140
       Ring mail         |       |       |    92 |    17 ||   109
       Chain mail        |       |       |       |   155 ||   155
Dodge: Dodged            |    77 |   129 |   189 |   299 ||   694
Block: Shield            |    44 |       |       |       ||    44
       Buckler           |    41 |    78 |   130 |   165 ||   414
